 Dungeon Crawl Stone Soup version 0.24-a0-463-g3510def36b (webtiles) character file.

Game seed: 10094325984529079237

4715 Ijustatesigmund the Fighter (level 10, -1/114 HPs)
             Began as an Ogre Fighter on July 2, 2019.
             Was a Believer of Cheibriados.
             Killed from afar by a deep elf mage (13 damage)
             ... with a sticky flame
             ... in a bailey.
             The game lasted 00:15:06 (9703 turns).

Ijustatesigmund the Fighter (Ogre Fighter)          Turns: 9703, Time: 00:15:07

Health: -1/114     AC:  9    Str: 32    XL:     10   Next: 45%
Magic:  14/16      EV:  9    Int: 14    God:    Cheibriados [**....]
Gold:   362        SH: 10    Dex: 16    Spells: 9/9 levels left

rFire    . . .     SeeInvis .   c - +4 morningstar
rCold    . . .     Gourm    .   s - +0 shield
rNeg     . . .     Faith    .   k - +0 steam dragon scales
rPois    .         Spirit   .   (helmet restricted)
rElec    .         Reflect  .   m - +2 cloak
rCorr    .         Harm     .   (gloves unavailable)
MR       +....                  (boots unavailable)
Stlth    +.........             (no amulet)
HPRegen  0.29/turn              g - ring of flight
MPRegen  0.15/turn              (no ring)

@: mighty, liquid flames, glowing, very slow
A: large, unfitting armour, tough skin 1
a: Bend Time, Renounce Religion, Evoke Flight


You were in a bailey.
You worshipped Cheibriados.
Cheibriados was pleased with you.
You were hungry.

You visited 1 branch of the dungeon, and saw 8 of its levels.
You also visited: Bailey.

You collected 362 gold pieces.

Inventory:

Hand Weapons
 a - a +1 giant spiked club
 c - a +4 morningstar (weapon)
Missiles
 o - 20 poisoned darts
 t - 2 large rocks (quivered)
Armour
 b - a +2 robe
 k - +0 steam dragon scales (worn)
 m - a +2 cloak (worn)
 s - a +0 shield (worn)
Jewellery
 g - a ring of flight (left hand)
Wands
 i - a wand of digging (5)
 q - a wand of iceblast (8)
 u - a wand of acid (8)
Scrolls
 r - 2 scrolls of amnesia
Potions
 d - a potion of might
 e - a potion of flight
 j - 2 potions of brilliance
 l - a potion of ambrosia
 n - a potion of resistance {unknown}
Comestibles
 f - 7 rations


   Skills:
 + Level 11.4 Fighting
 + Level 8.8 Maces & Flails
 - Level 3.5 Throwing
 - Level 2.6 Dodging
 - Level 2.6 Shields
 + Level 8.0 Invocations


You had 9 spell levels left.
You didn't know any spells.
Your spell library was empty.

Dungeon Overview and Level Annotations

Branches:
Dungeon (8/15)             Temple (0/1) D:6            Lair (0/6) D:8

Altars:
Cheibriados
Elyvilon
Nemelex Xobeh
Okawaru
Ru
Trog
Uskayaw
Vehumet
Xom
Yredelemnul
The Shining One


Innate Abilities, Weirdness & Mutations

You are too large for most types of armour.
You have tough skin. (AC +1)


Message History

The battlesphere is engulfed in blazing flames.
The fire elemental hits you. The fire elemental burns you!
* * * LOW HITPOINT WARNING * * *
The battlesphere is engulfed in blazing flames.
The deep elf mage hits you but does no damage.
You block the deep elf mage's attack. The deep elf mage barely misses you.
The fire elemental barely misses you.
You bludgeon the deep elf mage!!
The deep elf mage is severely wounded.
The deep elf mage mumbles some strange words.
The deep elf mage blinks!
The deep elf mage hits you with a +0 dagger.
* * * LOW HITPOINT WARNING * * *
You block the deep elf mage's attack. x2; The fire elemental hits you.
The fire elemental burns you!
* * * LOW HITPOINT WARNING * * *
The deep elf mage gestures at you while chanting.
The sticky flame hits you!
You are covered in liquid flames!
You die...

.. .. .. .###
###.
##...###...##
#...*.#.....#
#..e○E#.....#
#..○Ee#.e...#
#.Ee@#....#
#####e#
##....#E...#
#.....#.....#
#..∩..#.....#
#.....#.....#
###...###...##
##..##'######.
#..).##...##
..


You could see 4 deep elf magi, 4 fire elementals and a battlesphere.

Vanquished Creatures
  3 deep elf magi (Bailey)
  A steam dragon (D:8)
  2 ice beasts
  2 sky beasts
  An orc warrior (D:6)
  3 black bears
  A phantom (D:6)
  6 ogres
  4 centaurs
  3 bullfrogs
  2 scorpions
  A water moccasin skeleton (D:8)
  5 killer bees (D:7)
  5 wights (D:6)
  A quasit (D:5)
  A jelly (D:6)
  5 hounds
  An orc priest (D:5)
  2 bullfrog skeletons
  A centaur skeleton (D:4)
  5 orc wizards
  3 iguanas
  8 worker ants
  A worker ant zombie (D:8)
  7 adders
  4 gnolls
  An ooze (D:2)
  An adder zombie (D:5)
  3 worms (D:2)
  A dart slug (D:1)
  A leopard gecko (D:4)
  12 orcs
  6 giant cockroaches
  2 goblins (D:1)
  6 hobgoblins
  8 jackals
  2 kobolds
  2 quokkas
  A ball python (D:1)
  8 bats
  7 frilled lizards
  A goblin skeleton (D:5)
  5 hobgoblin zombies (D:5)
  A jackal zombie (D:8)
  4 kobold skeletons (D:5)
  A kobold zombie (D:5)
  3 leopard gecko skeletons
  An orc skeleton (D:5)
  An orc zombie (D:5)
  2 rats
158 creatures vanquished.

Notes
Turn   | Place    | Note
-------+----------+-------------------------------------------
     0 | D:1      | Ijustatesigmund the Ogre Fighter began the quest for the
                  | Orb.
     0 | D:1      | Reached XP level 1. HP: 24/24 MP: 1/1
   202 | D:1      | Reached XP level 2. HP: 22/32 MP: 2/2
   525 | D:1      | Reached XP level 3. HP: 39/39 MP: 3/3
  1104 | D:2      | Found a sparkling altar of Nemelex Xobeh.
  1110 | D:2      | Reached XP level 4. HP: 31/48 MP: 4/4
  1776 | D:3      | Found a snail-covered altar of Cheibriados.
  2202 | D:3      | Found a radiant altar of Vehumet.
  2205 | D:3      | Reached skill level 1 in Throwing
  2205 | D:3      | Reached XP level 5. HP: 37/55 MP: 5/5
  2436 | D:3      | Found a shattered altar of Ashenzari.
  2436 | D:3      | Found a white marble altar of Elyvilon.
  2438 | D:3      | Found a shimmering altar of Xom.
  2438 | D:3      | Found an iron altar of Okawaru.
  2438 | D:3      | Found a shimmering altar of Xom.
  3213 | D:4      | Reached skill level 5 in Fighting
  3213 | D:4      | Reached XP level 6. HP: 50/66 MP: 6/6
  3793 | D:4      | Reached skill level 5 in Maces & Flails
  4113 | D:5      | Entered Level 5 of the Dungeon
  4117 | D:5      | Reached skill level 6 in Fighting
  4117 | D:5      | Reached XP level 7. HP: 55/75 MP: 7/7
  4870 | D:5      | Found a glowing golden altar of the Shining One.
  5334 | D:5      | Found a snail-covered altar of Cheibriados.
  5340 | D:5      | Became a worshipper of Cheibriados the Contemplative
  5413 | D:6      | Reached skill level 1 in Invocations
  5721 | D:6      | Reached skill level 7 in Fighting
  5721 | D:6      | Reached XP level 8. HP: 26/87 MP: 7/9
  6367 | D:6      | Found a staircase to the Ecumenical Temple.
  6662 | D:6      | Reached skill level 8 in Fighting
  7255 | D:6      | Reached * piety under Cheibriados
  7281 | D:6      | Reached XP level 9. HP: 7/97 MP: 12/12
  7826 | D:6      | Reached skill level 5 in Invocations
  7852 | D:6      | Reached skill level 9 in Fighting
  8357 | D:7      | Found an iron altar of Okawaru.
  8603 | D:7      | Reached ** piety under Cheibriados
  8701 | D:7      | Found a white marble altar of Elyvilon.
  8833 | D:7      | Found a hide-covered altar of Uskayaw.
  8836 | D:7      | Found a sacrificial altar of Ru.
  8847 | D:7      | Found a bloodstained altar of Trog.
  8850 | D:7      | Found a basalt altar of Yredelemnul.
  8896 | D:7      | Reached skill level 10 in Fighting
  9235 | D:8      | Reached XP level 10. HP: 58/111 MP: 15/15
  9270 | D:8      | Found a flagged portal.
  9284 | Bailey   | Entered a bailey
  9557 | Bailey   | Noticed a deep elf mage
  9563 | Bailey   | Killed a deep elf mage
  9563 | Bailey   | Reached skill level 11 in Fighting
  9680 | Bailey   | Noticed a deep elf mage
  9681 | Bailey   | Noticed a deep elf mage
  9681 | Bailey   | Noticed a deep elf mage
  9682 | Bailey   | Noticed a deep elf mage
  9683 | Bailey   | Noticed a deep elf mage
  9694 | Bailey   | Killed a deep elf mage
  9698 | Bailey   | Killed a deep elf mage
  9698 | Bailey   | Noticed a deep elf mage
  9703 | Bailey   | Killed from afar by a deep elf mage

Levels and vault maps discovered:
D:1:      lemuel_arrival_behind_the_door_large, layout_basic,
          hangedman_abyss_or_decor_stabs
D:2:      layout_rooms, nemelex_xobeh_ov_fountains_minmay
D:3:      layout_loops_cross, cheibriados_altar_1, first_ration,
          doesnt_xom_only_xom
D:4:      layout_basic
D:5:      layout_cave_pods, kennysheep_flooded_box, nicolae_tso_besieged_by_evil
D:6:      layout_loops_ring, minmay_temple_entry_junction
D:7:      layout_cave_pools, okawaru_trees_2, nicolae_overflow_hidden_temple,
          grunt_temple_overflow_cloverleaf
D:8:      layout_loops_cross, lair_entry_dummy, enter_bailey_2, grunt_ogre_cave,
          nicolae_benzene_ring
Bailey:   bailey_polearm_3, bailey

Skill      XL: |  1  2  3  4  5  6  7  8  9 10 |
---------------+-------------------------------+-----
Maces & Flails | 2 3 4 5 6 8 |  8.8
Throwing       | 1 2 3 |  3.5
Fighting       | 5 6 7 8 10 11 | 11.4
Invocations    | 2 4 7 8 |  8.0
Dodging        | |  2.6
Shields        | |  2.6

Action                   |  1- 3 |  4- 6 |  7- 9 | 10-12 || total
-------------------------+-------+-------+-------+-------++-------
Melee: Flail             |    75 |   152 |       |       ||   227
       Giant spiked club |       |    36 |   183 |       ||   219
       Morningstar       |       |       |   153 |    38 ||   191
Throw: Large rock        |     1 |     8 |     7 |       ||    16
       Dart              |       |       |    21 |       ||    21
Invok: Bend Time         |       |       |     1 |     1 ||     2
  Use: Scroll            |       |     8 |    12 |       ||    20
       Potion            |       |       |    11 |     1 ||    12
 Stab: Sleeping          |     1 |       |     2 |       ||     3
  Eat: Chunk             |       |     7 |     6 |     1 ||    14
       Ration            |       |     1 |     2 |       ||     3
Armor: Robe              |    44 |    61 |   189 |     4 ||   298
       Steam dragon scal |       |       |       |    18 ||    18
Dodge: Dodged            |    40 |    64 |   258 |    17 ||   379
Block: Shield            |    40 |    70 |    94 |    23 ||   227

Table legend:
 A = Non-vault XP
 B = Vault XP
 C = Vault XP percentage of total XP
 D = Non-vault monster count
 E = Vault monster count
 F = Vault count percentage of total count
                 A         B        C        D         E       F
            +---------+---------+-------+---------+---------+-------
      Total |    4780 |    1957 |  29.0 |     140 |      18 |  11.4
            +---------+---------+-------+---------+---------+-------
        D:1 |      46 |       0 |   0.0 |      18 |       0 |   0.0
        D:2 |      69 |       0 |   0.0 |      19 |       0 |   0.0
        D:3 |     113 |       0 |   0.0 |      11 |       0 |   0.0
        D:4 |     372 |       0 |   0.0 |      15 |       0 |   0.0
        D:5 |     290 |      58 |  16.7 |      11 |      14 |  56.0
        D:6 |    1702 |       0 |   0.0 |      28 |       0 |   0.0
        D:7 |    1187 |       0 |   0.0 |      24 |       0 |   0.0
        D:8 |    1001 |     121 |  10.8 |      14 |       1 |   6.7
     Bailey |       0 |    1778 | 100.0 |       0 |       3 | 100.0
            +---------+---------+-------+---------+---------+-------
